 Dungeon Crawl Stone Soup version 0.31-a0-188-g5e087ee2ca (webtiles) character file.

Game seed: 12783032939982616021

135 qw the Skirmisher (level 4, -4/25 HPs)
             Began as a Deep Elf Hunter on June 22, 2023.
             Killed from afar by an orc wizard (7 damage)
             ... with a magic dart
             ... on level 3 of the Dungeon.
             The game lasted 00:00:42 (1645 turns).

qw the Skirmisher (Deep Elf Hunter)                 Turns: 1645, Time: 00:00:43

Health: -4/25      AC:  7    Str: 10    XL:     4   Next: 96%
Magic:  6/6        EV: 12    Int: 14    God:
Gold:   125        SH:  0    Dex: 18    Spells: 3/3 levels left

rFire   . . .        Y - +2 shortbow
rCold   . . .        (shield currently unavailable)
rNeg    . . .        c - +0 leather armour
rPois   .            (no helmet)
rElec   .            (no cloak)
rCorr   .            (no gloves)
SInv    .            (no boots)
Will    +....        (no amulet)
Stlth   ++           d - +4 ring of protection
HPRegen 0.24/turn    f - ring of willpower
MPRegen 0.10/turn

%: no passive effects
@: no status effects
A: no striking features
a: no special abilities


You were on level 3 of the Dungeon.
You visited 1 branch of the dungeon, and saw 3 of its levels.

You collected 125 gold pieces.


   Skills:
 - Level 1.5 Fighting
 + Level 8.3 Ranged Weapons
 - Level 2.4 Dodging
 - Level 1.2 Stealth


You had 3 spell levels left.
You didn't know any spells.
Your spell library was empty.

Inventory:

Hand Weapons
 Y - a +2 shortbow (weapon)
Armour
 a - a +0 scale mail
 b - a +0 ring mail
 c - a +0 leather armour (worn)
Jewellery
 d - a +4 ring of protection (left hand)
 f - a ring of willpower (right hand)
 g - a ring of positive energy
Potions
 e - a potion of enlightenment {unknown}
 h - 2 potions of curing {unknown}
 i - a potion of brilliance {unknown}

Dungeon Overview and Level Annotations

Branches:
Dungeon (3/15)

Altars:


Message History

Something hits you but does no damage. The orc hits you but does no damage. x2
You shoot an arrow. The arrow hits the orc.
You kill the orc!
You hear some strange, mumbled words.
A puff of flame appears from out of thin air!
The puff of flame hits you. The orc closely misses you.
You shoot an arrow. The arrow hits the orc!
You kill the orc!
Something hits you but does no damage.
You shoot an arrow. Something hits you but does no damage.
You shoot an arrow. Something hits you.
You shoot an arrow. Something hits you but does no damage.
You shoot an arrow. Something hits you but does no damage.
You shoot an arrow. Something hits you.
You shoot an arrow.
You hear some strange, mumbled words.
A magic dart appears from out of thin air!
The magic dart hits you.
You shoot an arrow. Something hits you but does no damage.
You shoot an arrow. Something hits you but does no damage.
You shoot an arrow. Something hits you but does no damage.
You shoot an arrow.
You hear some strange, mumbled words.
A puff of flame appears from out of thin air!
The puff of flame hits you but does no damage.
You shoot an arrow. Something hits you but does no damage.
You shoot an arrow.
You hear some strange, mumbled words.
A magic dart appears from out of thin air!
The magic dart hits you!
You die...

..........#.............####
..........##..............##
..........(.#####..?...#..#
...#.......## ####......#
..#_#...##.## ##....##[.####
..##..###..#####..##..##.#...
## #.....#.#.....####..#.....
#.....#...##### ##......<
.#######........@# ####....
.%...........#.)){......
#....
.###.........#........#.
##... ##..####....#........#
#... #<.## ##...#..........
#... ...## #............##
#### #### ##.##........#
.########### ##


There were no monsters in sight!

Vanquished Creatures
  An orc wizard (D:2)
  Natasha (D:2)
  An adder (D:2)
  2 dart slugs (D:3)
  8 orcs
  11 endoplasms
  A giant cockroach (D:1)
  5 hobgoblins
  A jackal (D:1)
  6 kobolds
  2 quokkas
  3 ball pythons
  7 bats
  5 frilled lizards
  3 goblins (D:1)
  4 rats
61 creatures vanquished.

Notes
Turn   | Place    | Note
-------+----------+-------------------------------------------
     0 | D:1      | qw the Deep Elf Hunter began the quest for the Orb.
     0 | D:1      | Reached XP level 1. HP: 12/12 MP: 3/3
     0 | D:1      | 0 ||| qw: Version: 0.3-a-9-g12657ce
     0 | D:1      | 0 ||| qw: Game counter: 2989
     0 | D:1      | 0 ||| qw: Always use a shield: true
     0 | D:1      | 0 ||| qw: God list: Okawaru
     0 | D:1      | 0 ||| qw: Allow faded altars: false
     0 | D:1      | 0 ||| qw: Do Orc after D:15 true
     0 | D:1      | 0 ||| qw: Do second Lair branch before Depths: true
     0 | D:1      | 0 ||| qw: Lair rune preference: random
     0 | D:1      | 0 ||| qw: Plans: Normal
     0 | D:1      | 0 ||| PLANNING D:1-11
   202 | D:1      | Reached skill level 6 in Ranged Weapons
   202 | D:1      | Reached XP level 2. HP: 16/16 MP: 4/4
   550 | D:1      | Reached XP level 3. HP: 20/20 MP: 5/5
   809 | D:1      | 809 ||| UPGRADING to +4 ring of protection.
   810 | D:1      | 810 ||| READING scroll labelled WYOROM DAHUSUDD.
   911 | D:1      | 911 ||| READING scroll labelled GOTOUKL CUKHLY.
   912 | D:1      | 912 ||| READING scroll labelled OXKEBU ZILLOESULO.
   913 | D:1      | 913 ||| READING scroll labelled LOTATR FUSMI.
   914 | D:1      | 914 ||| DROPPING scroll of butterflies.
   991 | D:2      | 991 ||| READING scroll of enchant weapon.
   991 | D:2      | 991 ||| ENCHANTING +1 shortbow.
  1087 | D:2      | HP: 3/20 [something (3)]
  1092 | D:2      | HP: 2/20 [something (2)]
  1099 | D:2      | Reached skill level 7 in Ranged Weapons
  1099 | D:2      | Reached XP level 4. HP: 3/25 MP: 6/6
  1390 | D:2      | Noticed Natasha
  1395 | D:2      | Killed Natasha
  1396 | D:2      | Reached skill level 8 in Ranged Weapons
  1521 | D:2      | 1521 ||| UPGRADING to ring of willpower.
  1522 | D:2      | 1522 ||| READING scroll labelled NAETEU OTREDYITS.
  1523 | D:2      | 1523 ||| READING scroll labelled USCHEA ZUHU.
  1547 | D:3      | Found a faded altar of an unknown god.
  1632 | D:3      | HP: 6/25 [something/puff of flame (4)]
  1638 | D:3      | HP: 4/25 [something (2)]
  1645 | D:3      | Killed from afar by an orc wizard

Levels and vault maps discovered:
D:1:      dpeg_arrival_erosion, layout_basic, minmay_split_cup_small
D:2:      layout_basic, uniq_natasha
D:3:      layout_rooms, ebering_ecumenical_altar_rust

Skill      XL: |  1  2  3  4 |
---------------+-------------+-----
Ranged Weapons | 6 7 8 |  8.3
Fighting       | |  1.5
Dodging        | |  2.4
Stealth        | |  1.2

Action                     |  1- 3 |  4- 6 || total
---------------------------+-------+-------++-------
   Fire: Shortbow          |    84 |    68 ||   152
    Use: Scroll            |     5 |     2 ||     7
 Armour: Leather armour    |    14 |    24 ||    38
  Dodge: Dodged            |    13 |    16 ||    29

Table legend:
 A = Non-vault XP
 B = Vault XP
 C = Vault XP percentage of total XP
 D = Non-vault monster count
 E = Vault monster count
 F = Vault count percentage of total count
                 A         B        C        D         E       F
            +---------+---------+-------+---------+---------+-------
      Total |     152 |      41 |  21.2 |      57 |       4 |   6.6
            +---------+---------+-------+---------+---------+-------
        D:1 |      36 |       6 |  14.3 |      25 |       3 |  10.7
        D:2 |      78 |      35 |  31.0 |      17 |       1 |   5.6
        D:3 |      38 |       0 |   0.0 |      15 |       0 |   0.0
            +---------+---------+-------+---------+---------+-------
